 Dungeon Crawl Stone Soup version 0.28-b1-1-g3c77fb2ed1 (webtiles) character file.

Game seed: 3284610102387774029

728 Descartes the Magician (level 7, -2/36 HPs)
             Began as a Deep Elf Wanderer on Jan 27, 2022.
             Was an Initiate of Ashenzari.
             Slain by a gnoll (15 damage)
             ... on level 4 of the Dungeon.
             The game lasted 00:11:58 (4174 turns).

Descartes the Magician (Deep Elf Wanderer)          Turns: 4174, Time: 00:11:59

Health: -2/36      AC:  4    Str: 10    XL:     7   Next: 44%
Magic:  16/16      EV: 13    Int: 17    God:    Ashenzari [......]
Gold:   176        SH:  0    Dex: 15    Spells: 12/16 levels left

rFire   . . .      SeeInvis .   b - +0 dagger
rCold   . . .      Faith    .   w - orb {light}
rNeg    . . .      Spirit   .   r - +0 leather armour
rPois   .          Reflect  .   (no helmet)
rElec   .          Harm     .   (no cloak)
rCorr   .          Rampage  .   (no gloves)
Will    .....                   l - +0 pair of boots of the Bound Incredulity {Melee, Range} (curse)
Stlth   +.........              (no amulet)
HPRegen 0.12/turn               (no ring)
MPRegen 0.15/turn               (no ring)

@: glowing
A: no striking features
a: Renounce Religion, Curse Item, Shatter the Chains


You were on level 4 of the Dungeon.
You worshipped Ashenzari.
Ashenzari was noncommittal.
You visited 1 branch of the dungeon, and saw 4 of its levels.

You collected 176 gold pieces.

Inventory:

Hand Weapons
 a - a +2 hand crossbow
 b - a +0 dagger (weapon)
Missiles
 c - 14 poisoned darts (quivered)
 g - 21 arrows
 h - 94 stones
 j - 6 boomerangs
 k - 16 sling bullets
 A - 3 bolts
Armour
 e - a +0 robe
 l - the cursed +0 pair of boots of the Bound Incredulity (worn) {Melee, Range}
   (You found it on level 1 of the Dungeon)

   It has a curse which improves the following skills: Melee Combat: Short
   Blades, Long Blades, Axes, Maces & Flails, Polearms, Staves and Unarmed
   Combat.
   Ranged Combat: Slings, Bows, Crossbows and Throwing.
 r - a +0 leather armour (worn)
 w - an orb of light (worn)
 z - an orb of wrath
Jewellery
 p - a +6 ring of intelligence
Wands
 y - a wand of iceblast (10)
Scrolls
 d - a scroll of enchant armour {unknown}
 i - 3 scrolls of immolation {unknown}
 m - 4 scrolls of identify {unknown}
 o - a scroll of summoning {unknown}
 t - a scroll of blinking {unknown}
 u - 4 scrolls of teleportation {unknown}
 x - a scroll of enchant weapon {unknown}
Potions
 f - 2 potions of haste {unknown}
 n - a potion of might {unknown}
 q - a potion of heal wounds {unknown}
 s - a potion of flight {unknown}
 v - a potion of invisibility {unknown}
 B - 2 potions of lignification {unknown}


   Skills:
 - Level 4.5(4.9) Crossbows
 - Level 2.0(2.3) Throwing
 - Level 5.0 Dodging
 - Level 5.0 Spellcasting
 - Level 5.0 Ice Magic
 + Level 2.9 Invocations
 + Level 2.6 Evocations


You had 12 spell levels left.
You knew the following spells:

 Your Spells              Type           Power      Damage    Failure   Level
a - Freeze                Ice            84%        1d10      2%          1
b - Ozocubu's Armour      Ice            21%        N/A       8%          3

Your spell library contained the following spells:

 Spells                   Type           Power      Damage    Failure   Level


Dungeon Overview and Level Annotations

Branches:
Dungeon (4/15)
 Temple: D:4-7

Altars:
Ashenzari
Vehumet

Annotations:
D:4 Blork the orc


Message History

Done exploring.
You already know all available spells.
You climb downwards.
Level annotation: Blork the orc
There is a stone staircase leading up here.
The gnoll completely misses you.
You hit the gnoll.
The gnoll is lightly wounded.
The gnoll completely misses you.
You hit the gnoll.
The gnoll is moderately wounded.
The gnoll closely misses you.
You hit the gnoll but do no damage.
The gnoll is moderately wounded.
The gnoll misses you.
You hit the gnoll but do no damage.
The gnoll is moderately wounded.
The gnoll barely misses you.
You hit the gnoll but do no damage.
The gnoll is moderately wounded.
The gnoll hits you with a +0 halberd!
You hit the gnoll but do no damage.
The gnoll is moderately wounded.
The gnoll misses you.
You hit the gnoll.
The gnoll is heavily wounded.
The gnoll hits you with a +0 halberd.
You hit the gnoll but do no damage.
The gnoll is heavily wounded.
The gnoll completely misses you.
You barely miss the gnoll.
The gnoll is heavily wounded.
The gnoll barely misses you.
You barely miss the gnoll.
The gnoll is heavily wounded.
The gnoll hits you with a +0 halberd.
You hit the gnoll.
The gnoll is heavily wounded.
The gnoll hits you with a +0 halberd!
You die...

########... ##........# ###
##((....#.#######..........
.....
.....(........#...>.....(..
#.
#####................#####.
#. #..###(.(....[........#
.(...
....###...............#
###..
.#...##...............# #..
## ...#...........)...###
##. #
##..#.......$g@<........ ..
##..##..............#####
#.. ##...##.#...$.#.....##
.g.g.r..#############
######### #


You could see a gnoll.

Vanquished Creatures
  Edmund (D:3)
  Menkaure (D:4)
  2 black bears
  2 hounds (D:4)
  A centaur skeleton (D:4)
  7 gnolls
  4 adders
  3 adder skeletons
  4 worms
  15 endoplasms
  4 giant cockroaches
  10 goblins
  3 hobgoblins
  3 jackals (D:1)
  7 kobolds
  6 quokkas
  9 ball pythons
  A ball python skeleton (D:2)
  4 bats (D:1)
  3 frilled lizards
  2 quokka zombies (D:2)
  9 rats
101 creatures vanquished.

Notes
Turn   | Place    | Note
-------+----------+-------------------------------------------
     0 | D:1      | Descartes the Deep Elf Wanderer began the quest for the
                  | Orb.
     0 | D:1      | Descartes set off with the following items: a +2 hand
                  | crossbow, 26 bolts, 10 poisoned darts, a +0 dagger, a +0
                  | robe; and the following spell memorised: Freeze; and the
                  | following spells available to memorise: Ozocubu's Armour
     0 | D:1      | Reached XP level 1. HP: 10/10 MP: 5/5
   103 | D:1      | Reached skill level 1 in Dodging
   140 | D:1      | Reached XP level 2. HP: 15/15 MP: 7/7
   639 | D:1      | Found a faded altar of an unknown god.
   667 | D:1      | Prayed at the altar of an unknown god.
   667 | D:1      | Became a worshipper of Ashenzari the Shackled
   753 | D:1      | Reached XP level 3. HP: 19/19 MP: 4/8
   888 | D:1      | Learned a level 3 spell: Ozocubu's Armour
  1456 | D:2      | Reached XP level 4. HP: 24/24 MP: 10/10
  1598 | D:2      | Found a radiant altar of Vehumet.
  1845 | D:3      | Noticed a black bear
  1850 | D:3      | Killed a black bear
  1851 | D:3      | Reached XP level 5. HP: 23/28 MP: 9/13
  2768 | D:4      | Noticed Edmund
  2785 | D:3      | Killed Edmund
  2786 | D:3      | Reached skill level 5 in Spellcasting
  2786 | D:3      | Reached XP level 6. HP: 7/32 MP: 4/15
  3155 | D:4      | Reached skill level 1 in Evocations
  3219 | D:4      | Noticed Menkaure
  3222 | D:4      | Reached XP level 7. HP: 36/36 MP: 16/16
  3243 | D:4      | Killed Menkaure
  3244 | D:4      | Reached skill level 5 in Dodging
  3503 | D:4      | Noticed Blork the orc
  3514 | D:4      | Reached skill level 5 in Ice Magic
  4174 | D:4      | Slain by a gnoll

Illustrated notes

Levels and vault maps discovered:
D:1:      beargit_arrival_diablo_church, layout_basic,
          hellmonk_ecumenical_altar_lost_god, corexii_leaking_fountain,
          minmay_heptomino_w4
D:2:      layout_rooms, serial_undead, serial_undead_b, serial_undead_c,
          serial_undead_e, serial_undead_c, serial_undead_e, serial_undead_e,
          kennysheep_flooded_box
D:3:      layout_basic, minmay_liquid_box, kennysheep_generic_room_11
D:4:      layout_rooms, minmay_temple_entry_poolview, minmay_cupped,
          uniq_edmund, uniq_menkaure, uniq_blork_the_orc

Skill      XL: |  1  2  3  4  5  6  7 |
---------------+----------------------+-----
Dodging        | 1 2 3 4 5 |  5.0
Spellcasting   | 2 3 4 5 |  5.0
Ice Magic      | 2 3 4 5 |  5.0
Evocations     | 1 2 |  2.6
Invocations    | 2 |  2.9
Crossbows      | |  4.5
Throwing       | |  2.0

Action                   |  1- 3 |  4- 6 |  7- 9 || total
-------------------------+-------+-------+-------++-------
Melee: Dagger            |    10 |       |    48 ||    58
 Fire: Hand crossbow     |    71 |    80 |    20 ||   171
 Cast: Freeze            |    18 |    28 |    12 ||    58
       Ozocubu's Armour  |       |     1 |       ||     1
Invok: Curse Item        |       |     1 |       ||     1
Evoke: Wand              |       |     1 |       ||     1
Armor: Robe              |     9 |       |       ||     9
       Leather armour    |       |    10 |    22 ||    32
Dodge: Dodged            |    26 |    13 |    68 ||   107
